 Dungeon Crawl Stone Soup version 0.20-a0-809-gaf7f668 (webtiles) character file.

33 dvd the Firebug (level 3, -4/19 HPs)
             Began as a Deep Elf Fire Elementalist on Mar 2, 2017.
             Slain by Natasha (10 damage)
             ... on level 2 of the Dungeon.
             The game lasted 00:03:02 (1055 turns).

dvd the Firebug (Deep Elf Fire Elementalist)        Turns: 1055, Time: 00:03:02

Health: -4/19      AC:  2    Str:  5    XL:     3   Next: 12%
Magic:  6/10       EV: 13    Int: 20    God:
Gold:   76         SH:  0    Dex: 15    Spells: 6/9 levels left

rFire    . . .     SeeInvis .   o - +0 short sword
rCold    . . .     Gourm    .   a - +0 robe
rNeg     . . .     Faith    .   (no shield)
rPois    .         Spirit   .   (no helmet)
rElec    .         Reflect  .   (no cloak)
rCorr    .         Harm     .   (no gloves)
MR       .....                  (no boots)
Stlth    ++........             h - amulet of regeneration
Regen    0.5/turn               (no ring)
MPRegen  0.2/turn               (no ring)

@: slowed, very slow
A: no striking features
a: no special abilities


You were on level 2 of the Dungeon.
You were not hungry.

You visited 1 branch of the dungeon, and saw 2 of its levels.

You collected 76 gold pieces.

Inventory:

Hand Weapons
 o - a +0 short sword (weapon)
Armour
 a - a +0 robe (worn)
Jewellery
 h - an amulet of regeneration (around neck)
Scrolls
 d - a scroll of teleportation {unknown}
 f - 5 scrolls of identify {unknown}
 i - a scroll of remove curse {unknown}
 j - a scroll of fog {unknown}
 k - a scroll of amnesia {unknown}
 l - a scroll of noise {unknown}
Potions
 e - a potion of brilliance {unknown}
 g - a potion of flight {unknown}
 n - 2 potions of agility {unknown}
 p - a potion of heal wounds {unknown}
Books
 b - a book of Flames

   Spells                             Type                      Level
   a - Flame Tongue                   Conjuration/Fire             1
   b - Throw Flame                    Conjuration/Fire             2
   c - Conjure Flame                  Conjuration/Fire             3
   d - Inner Flame                    Hexes/Fire                   3
   e - Sticky Flame                   Conjuration/Fire             4
   f - Fireball                       Conjuration/Fire             5
Comestibles
 c - a bread ration


   Skills:
 + Level 2.7 Dodging
 + Level 2.5 Stealth
 + Level 3.7 Spellcasting
 + Level 1.2 Conjurations
 + Level 4.0 Fire Magic


You had 6 spell levels left.
You knew the following spells:

 Your Spells              Type           Power        Failure   Level  Hunger
a - Flame Tongue          Conj/Fire      ##...        4%          1    None
b - Throw Flame           Conj/Fire      ##....       10%         2    ##.....


Dungeon Overview and Level Annotations

Branches:
Dungeon (2/15)

Altars:
The Shining One

Annotations:
D:2 Natasha


Message History

Aiming: Flame Tongue
Press: ? - help, Shift-Dir - straight line, f/p - Natasha
Aim: Natasha (moderately wounded)
The flame tongue misses Natasha.
Natasha misses you. Natasha claws you.
Casting: Flame Tongue
Confirm with . or Enter, or press ? or * to list all spells.
Aiming: Flame Tongue
Press: ? - help, Shift-Dir - straight line, f/p - Natasha
Aim: Natasha (moderately wounded)
The flame tongue misses Natasha.
Natasha claws you.
Casting: Flame Tongue
Confirm with . or Enter, or press ? or * to list all spells.
Aiming: Flame Tongue
Press: ? - help, Shift-Dir - straight line, f/p - Natasha
Aim: Natasha (moderately wounded)
The flame tongue hits Natasha.
Natasha is severely wounded.
Natasha claws you!
Ouch! That really hurt!
You die...

>.........####.#.# .#
....#.#.#....#.#.##...# .
#......#.#.#.##...#
###.#..#.#.#.##...#
#5#..#.#.#......#
#h#.##.#.#......#
#.#..(...#.....##
#.#.h..##.......#
.#####...@.##....#...##
.............#...#.#...#
.............#..#._.#..#
.................#.#)..####
.............#....#........
.......(.................#+
.............###.##........
.............# #...........
............# ####.#......


You could see Natasha.

Vanquished Creatures
  An ooze (D:1)
  A dart slug (D:2)
  A leopard gecko (D:1)
  4 bats
  2 giant cockroaches (D:1)
  3 goblins
  4 hobgoblins (D:1)
  2 kobolds
  5 frilled lizards (D:1)
  A rat (D:1)
24 creatures vanquished.

Notes
Turn   | Place    | Note
-------+----------+-------------------------------------------
     0 | D:1      | dvd the Deep Elf Fire Elementalist began the quest for the Orb.
     0 | D:1      | Reached XP level 1. HP: 10/10 MP: 6/6
   274 | D:1      | Reached XP level 2. HP: 15/15 MP: 4/8
   425 | D:1      | Learned a level 2 spell: Throw Flame
   511 | D:1      | Found a glowing golden altar of the Shining One.
   663 | D:1      | Reached skill level 4 in Fire Magic
   826 | D:2      | Reached XP level 3. HP: 19/19 MP: 5/10
   839 | D:2      | Found a faded altar of an unknown god.
   875 | D:2      | Noticed Natasha
  1055 | D:2      | Slain by Natasha

Vault maps used:
D:1:      lightli_arrival_farm, tso_altar
D:2:      first_bread, chequers_ecumenical_altar_simple_redux, elyvilon_altar_5,
          uniq_natasha

Skill      XL: |  1  2 |
---------------+-------+-----
Fire Magic     | 4 |  4.0
Dodging        | |  2.7
Stealth        | |  2.5
Spellcasting   | |  3.7
Conjurations   | |  1.2

Action                   || total
-------------------------++-------
Melee: Unarmed           ||     1
       Short sword       ||     1
 Cast: Flame Tongue      ||    49
       Throw Flame       ||     3
 Stab: Sleeping          ||     1
Armor: Robe              ||     6
Dodge: Dodged            ||    16
